 Dungeon Crawl Stone Soup version 0.30-a0-672-gc3a7216ad8 (webtiles) character file.

Game seed: 4634352540371463562

185 wormed the Insei (level 5, 0/40 HPs)
             Began as an Octopode Transmuter on Jan 18, 2023.
             Slain by an adder (1 damage)
             ... on level 4 of the Dungeon.
             The game lasted 00:03:58 (4062 turns).

wormed the Insei (Octopode Transmuter)              Turns: 4062, Time: 00:03:58

Health: 0/40       AC:  6    Str:  9    XL:     5   Next: 64%
Magic:  4/8        EV: 10    Int: 17    God:
Gold:   218        SH:  0    Dex: 13    Spells: 2/9 levels left

rFire   x . .      SeeInvis .      - Unarmed
rCold   + + +      Faith    .    (shield currently unavailable)
rNeg    . . .      Spirit   .    (helmet currently unavailable)
rPois   +          Reflect  .    (no amulet)
rElec   .          Harm     .    (no ring)
rCorr   .          Rampage  .    (no ring)
Will    .....                    (no ring)
Stlth   +                        (no ring)
HPRegen 0.26/turn                (no ring)
MPRegen 0.11/turn                (no ring)
                                 (no ring)
                                 (no ring)

@: ice-form
A: freezing attack, boosted hp, almost no armour, amphibious, 8 rings, large,
(camouflage 1), (gelatinous body 1), (nimble swimmer 1), (tentacles)
a: End Transformation


You were on level 4 of the Dungeon.
You were a creature of crystalline ice.
You visited 1 branch of the dungeon, and saw 5 of its levels.

You collected 218 gold pieces.

Inventory:

Missiles
 i - a throwing net
Scrolls
 c - 2 scrolls of teleportation
 g - a scroll of amnesia
 l - a scroll of magic mapping
 p - a scroll of enchant armour
Potions
 a - 2 potions of lignification
 b - 3 potions of mutation
 d - a potion of resistance {unknown}
 e - a potion of might
 f - 3 potions of curing {unknown}
 h - a potion of haste {unknown}
 j - a potion of flight {unknown}
 k - a potion of invisibility {unknown}
 m - a potion of brilliance {unknown}
 o - a potion of cancellation {unknown}


   Skills:
 + Level 2.0 Fighting
 + Level 2.7 Dodging
 + Level 3.6 Unarmed Combat
 + Level 2.5 Spellcasting
 * Level 3.5 Transmutations
 + Level 1.6 Ice Magic


You had 2 spell levels left.
You knew the following spells:

 Your Spells              Type           Power      Damage    Failure   Level
a - Beastly Appendage     Tmut           28%        N/A       4%          1
b - Wereblood             Tmut           14%        N/A       6%          2
c - Ice Form              Ice/Tmut       10%        N/A       54%         4

Your spell library contained the following spells:

 Spells                   Type           Power      Damage    Failure   Level
 Apportation              Tloc           4%         N/A       19%         1
 Kiss of Death            Conj/Necr      8%         2d6       19%         1
 Necrotise                Necr           8%         1d4       19%         1
 Summon Small Mammal      Summ           8%         N/A       19%         1
 Blink                    Tloc           4%         N/A       28%         2
 Lesser Beckoning         Tloc           4%         N/A       28%         2
 Momentum Strike          Conj/Tloc      4%         3d8       28%         2
 Spider Form              Tmut/Pois      8%         N/A       26%         3
 Confusing Touch          Hex            2%         N/A       50%         3
 Dispel Undead            Necr           2%         3d7       88%         4


Dungeon Overview and Level Annotations

Branches:
Dungeon (5/15)
 Temple: D:4-7

Altars:
Dithmenos
Elyvilon
Hepliaklqana
Qazlal
Sif Muna
Wu Jian
Xom

Annotations:
D:4 Dowan, Duvessa, Pikel


Innate Abilities, Weirdness & Mutations

You are a creature of crystalline ice.
You have a powerful freezing melee attack.
Your maximum health is increased.
Your armour is entirely melded.
You are incapable of wielding weapons or throwing items.
You cannot wear most types of armour.
You are amphibious.
You can wear up to eight rings at the same time.
((Your skin changes colour to match your surroundings (Stealth+).))
((Your rubbery body absorbs attacks. (AC +1, EV +1)))
((You are camouflaged when in or above water. (Stealth+)))
((You have tentacles for arms and can constrict up to eight enemies at once.))


Message History

You hit the kobold. You freeze the kobold.
You kill the kobold!
j - a brown potion;
l - a scroll of magic mapping
Items here: ( ) [ †.
Your magical contamination has completely faded away.
Your transformation is almost over.
You warm up again.
Found a robe.
Pikel shouts!
Pikel says, "You'll feel the lick of my whip!"
There are monsters nearby!
Casting: Ice Form (astonishingly dangerous; 54% risk of failure)
Confirm with . or Enter, or press ? or * to list all spells.
The spell is astonishingly dangerous to miscast (54% risk of failure)!
Continue anyway?
You turn into a creature of crystalline ice.
Pikel waves his whip at you.
The lemure shouts! x2
Found an escape hatch in the floor.
The lemure shouts!
The adder hisses angrily.
You hit Pikel but do no damage.
Pikel hits you with a +2 whip of flaming!
Pikel melts you.
You punch Pikel! You freeze Pikel.
Pikel is heavily wounded.
Pikel hits you with a +2 whip of flaming.
Pikel melts you.
You hit Pikel but do no damage.
Pikel is heavily wounded.
Pikel hits you with a +2 whip of flaming.
* * * LOW HITPOINT WARNING * * *
Pikel melts you.
* * * LOW HITPOINT WARNING * * *
The lemure hits you.
* * * LOW HITPOINT WARNING * * *
The lemure hits you!
* * * LOW HITPOINT WARNING * * *
You closely miss Pikel.
Pikel is heavily wounded.
The adder bites you.
You die...

............)..#
##.......
....###........##
....... .####
#.........#
##..... ##
#...###...# ####.
# ##...##...## ##
#...###...##.####
##..####..$.....#
#..##..........#
#......5Y......#
.......SK5.....#
........5.[...##
.........5.....#
.............#
.............#
.............#
...>........##


You could see Pikel, 4 lemures and an adder.

Vanquished Creatures
  A howler monkey (D:5)
  7 adders
  A worm (D:3)
  2 dart slugs
  4 orcs
  6 endoplasms
  6 giant cockroaches
  3 goblins
  6 hobgoblins
  A jackal (D:3)
  13 kobolds
  3 quokkas
  10 ball pythons
  A bat (D:2)
  2 frilled lizards (D:1)
  7 rats
73 creatures vanquished.

Notes
Turn   | Place    | Note
-------+----------+-------------------------------------------
     0 | D:1      | wormed the Octopode Transmuter began the quest for the Orb.
     0 | D:1      | Reached XP level 1. HP: 13/13 MP: 3/3
   350 | D:1      | Reached XP level 2. HP: 17/18 MP: 5/5
   392 | D:1      | Learned a level 2 spell: Wereblood
  1190 | D:2      | Reached XP level 3. HP: 11/23 MP: 2/6
  1394 | D:2      | Found a white marble altar of Elyvilon.
  1776 | D:3      | Found a shimmering blue altar of Sif Muna.
  1776 | D:3      | Found a stormy altar of Qazlal.
  1851 | D:3      | Found an ornate altar of the Wu Jian Council.
  2135 | D:3      | Reached XP level 4. HP: 28/28 MP: 3/7
  2141 | D:3      | Reached skill level 1 in Ice Magic
  2278 | D:3      | Found a shimmering altar of Xom.
  2759 | D:3      | Learned a level 4 spell: Ice Form
  2980 | D:4      | Found a hazy altar of Hepliaklqana.
  2981 | D:4      | Found a shadowy altar of Dithmenos.
  2981 | D:4      | Noticed a shadow
  3045 | D:4      | Noticed a lemure
  3046 | D:4      | Noticed a lemure
  3116 | D:4      | Noticed Dowan
  3236 | D:4      | Noticed Duvessa
  3252 | D:5      | Entered Level 5 of the Dungeon
  3343 | D:5      | Noticed a yak
  3372 | D:5      | Reached XP level 5. HP: 26/34 MP: 5/8
  3567 | D:4      | Noticed Pikel
  3567 | D:4      | Noticed a lemure
  3567 | D:4      | Noticed a lemure
  3970 | D:4      | Identified the +1 ring mail of Proximity {Dex+4}
  4061 | D:4      | HP: 1/40 [lemure[Pikel] (7)]
  4062 | D:4      | Slain by an adder

Illustrated notes

Levels and vault maps discovered:
D:1:      lemuel_arrival_funnel, layout_basic
D:2:      layout_loops_corners, basic_altar, fountainhead
D:3:      layout_loops_ring, lemuel_doored_altar,
          gammafunk_temple_overflow_wave, lemuel_round_altar, eino_tiny_chamber,
          minmay_joined_circles
D:4:      layout_cave_pods, riverfiend_overflow_shadow_ancestor,
          portal_sewer_entry_c, uniq_pikel, uniq_duvessa
D:5:      layout_rooms, hangedman_ru_absence, saegor_snake_ambush

Skill      XL: |  1  2  3  4  5 |
---------------+----------------+-----
Ice Magic      | 1 |  1.6
Transmutations | 3 |  3.5
Fighting       | 2 |  2.0
Dodging        | |  2.7
Unarmed Combat | |  3.6
Spellcasting   | |  2.5

Action                   |  1- 3 |  4- 6 || total
-------------------------+-------+-------++-------
Melee: Unarmed           |    72 |    85 ||   157
       Constrict         |    25 |    24 ||    49
       Tentacles         |    12 |    14 ||    26
       Kick              |    11 |    18 ||    29
       Punch             |     4 |     3 ||     7
 Cast: Beastly Appendage |    14 |    17 ||    31
       Wereblood         |    14 |    13 ||    27
       Ice Form          |       |     2 ||     2
  Use: Scroll            |     5 |     8 ||    13
       Potion            |       |     1 ||     1
 Stab: Sleeping          |     4 |       ||     4
Armor: Skin              |     6 |    15 ||    21
Dodge: Dodged            |    37 |    46 ||    83

Table legend: (Time is in decaauts)
 A = Elapsed time spent in this place.
 B = Non-inter-level travel time spent in this place.
 C = Inter-level travel time spent in this place.
 D = Time resting spent in this place.
 E = Time spent auto-exploring this place.
 F = Levels seen in this place.
 G = Mean time per level.
                   A        B        C        D        E       F      G
               +--------+--------+--------+--------+--------+-----+--------+
         Total |   4050 |   3910 |    140 |      0 |   3294 |   5 |  810.0 |
       Dungeon |   4050 |   3910 |    140 |      0 |   3294 |   5 |  810.0 |
               +--------+--------+--------+--------+--------+-----+--------+

Top non-repeatable levels by time:
     D:3: 1187 daAuts
     D:2: 1034 daAuts
     D:4: 885 daAuts
     D:1: 630 daAuts
     D:5: 312 daAuts
